 Dungeon Crawl Stone Soup version 0.22-a0-185-ge330310 (webtiles) character file.

555 vishdafish the Covered (level 7, 41/53 HPs)
             Began as a Demonspawn Fighter on Feb 15, 2018.
             Quit the game on level 4 of the Dungeon.
             The game lasted 00:04:53 (3807 turns).

vishdafish the Covered (Demonspawn Fighter)         Turns: 3807, Time: 00:04:54

Health: 41/53      AC:  9    Str: 16    XL:     7   Next: 8%
Magic:  7/7        EV:  7    Int: 12    God:
Gold:   160        SH:  9    Dex: 12    Spells: 6/6 levels left

rFire    . . .     SeeInvis .   a - +0 long sword
rCold    . . .     Gourm    .   c - +0 shield
rNeg     . . .     Faith    .   b - +0 scale mail
rPois    +         Spirit   .   w - +0 helmet
rElec    .         Reflect  .   m - +0 cloak
rCorr    .         Harm     .   (no gloves)
MR       .....                  (boots unavailable)
Stlth    +.........             (no amulet)
HPRegen  0.17/turn              i - ring of wizardry
MPRegen  0.10/turn              (no ring)

@: drained
A: talons 3, camouflage 1, poison resistance, powered by pain 1
a: no special abilities


You were on level 4 of the Dungeon.
You were not hungry.

You visited 1 branch of the dungeon, and saw 4 of its levels.

You collected 160 gold pieces.

Inventory:

Hand Weapons
 a - a +0 long sword (weapon)
Armour
 b - a +0 scale mail (worn)
 c - a +0 shield (worn)
 h - a +0 chain mail of cold resistance
 m - a +0 cloak (worn)
 w - a +0 helmet (worn)
Jewellery
 i - a ring of wizardry (left hand)
Scrolls
 e - a scroll of fog
 j - 3 scrolls of enchant armour
 n - 2 scrolls of teleportation {unknown}
 q - a scroll of amnesia
 r - 2 scrolls of remove curse {unknown}
 s - 2 scrolls of magic mapping {unknown}
 t - 4 scrolls of identify
Potions
 d - a potion of haste
 g - a potion of brilliance
 k - a potion of mutation
 l - a potion of magic {unknown}
 o - a potion of degeneration
 p - a potion of flight
 u - a potion of curing {unknown}
Comestibles
 f - 4 rations


   Skills:
 + Level 3.8(3.1) Fighting
 + Level 4.3(3.6) Long Blades
 + Level 4.4(3.7) Armour
 + Level 1.3(0.7) Dodging
 + Level 0.6(0.0) Stealth
 + Level 4.1(3.4) Shields


You had 6 spell levels left.
You didn't know any spells.

Dungeon Overview and Level Annotations

Branches:
Dungeon (4/15)
 Temple: D:4-7

Altars:
Dithmenos
Elyvilon
Fedhas
Kikubaaqudgha
Okawaru
Sif Muna
Uskayaw
Vehumet
Yredelemnul

Annotations:
D:4 Ijyb


Innate Abilities, Weirdness & Mutations

You have claws for feet.
You sometimes gain a little power by taking damage.
Your skin changes colour to match your surroundings (Stealth+).
Your system is resistant to poisons. (rPois)


Message History

The wight hits you with an enchanted flail.
You feel drained.
You hit the wight but do no damage.
You destroy the wight!
You have reached level 7!
Your demonic ancestry asserts itself...
You feel energised by your suffering.
You start resting.
You start resting.
HP restored.
Sorry, you're not good enough to have a special ability.
Sorry, you're not good enough to have a special ability.
You climb downwards.
Level annotation: Ijyb The wight hits you but does no damage.
The iguana bites you. Ijyb closely misses you. The wight barely misses you.
The iguana bites you!
A jackal comes into view.
There is a stone staircase leading up, spattered with blood here.
Unknown command.
Are you sure you want to abandon this character and quit the game? (Confirm with "yes".)

...>... <#
.###.....###. .
.....P.P..#. ..
.h...._.... ...
...P.P.. ....
#..z..#.....
..###.lz.......
#.....g@#
.######z# #..
###. ##


You could see Ijyb, an iguana, 3 wights and a jackal (wandering).

Vanquished Creatures
  The ghost of vishdafish the Skirmisher, an amateur DsFi (D:3)
  2 wights (D:3)
  2 howler monkeys (D:3)
  An orc wizard (D:2)
  Crazy Yiuf (D:3)
  Terence (D:2)
  Natasha (thrice) (D:3)
  4 adders
  A worm (D:2)
  A dart slug (D:2)
  2 leopard geckos
  4 orcs
  A giant cockroach (D:3)
  3 goblins
  10 hobgoblins
  4 jackals (D:2)
  A quokka (D:3)
  2 ball pythons
  9 bats
  3 frilled lizards
  8 kobolds
  7 rats
71 creatures vanquished.

Notes
Turn   | Place    | Note
-------+----------+-------------------------------------------
     0 | D:1      | vishdafish the Demonspawn Fighter began the quest for the Orb.
     0 | D:1      | Reached XP level 1. HP: 18/18 MP: 1/1
    85 | D:1      | Gained mutation: You have sharp toenails. [demonic ancestry]
    85 | D:1      | Reached XP level 2. HP: 10/24 MP: 2/2
   782 | D:2      | Gained mutation: You have razor-sharp toenails. [demonic ancestry]
   782 | D:2      | Reached XP level 3. HP: 29/29 MP: 3/3
   811 | D:2      | Found a blossoming altar of Fedhas.
   812 | D:2      | Found a white marble altar of Elyvilon.
  1138 | D:2      | Gained mutation: Your skin changes colour to match your surroundings (Stealth+). [potion of mutation]
  1138 | D:2      | Gained mutation: Your system is resistant to poisons. (rPois) [potion of mutation]
  1482 | D:2      | Reached XP level 4. HP: 26/35 MP: 4/4
  1534 | D:2      | Noticed Terence
  1534 | D:2      | Found a shadowy altar of Dithmenos.
  1762 | D:2      | Killed Terence
  1762 | D:2      | Reached skill level 1 in Dodging
  1908 | D:2      | Found an iron altar of Okawaru.
  1918 | D:2      | Found a radiant altar of Vehumet.
  1919 | D:2      | Found a deep blue altar of Sif Muna.
  2112 | D:3      | Gained mutation: You have claws for feet. [demonic ancestry]
  2112 | D:3      | Reached XP level 5. HP: 35/41 MP: 5/5
  2113 | D:3      | Noticed Natasha
  2262 | D:3      | Killed Natasha
  2476 | D:3      | Noticed Natasha
  2485 | D:3      | Killed Natasha
  2495 | D:3      | Noticed vishdafish's ghost (amateur DsFi)
  2685 | D:3      | Noticed Natasha
  2694 | D:3      | Killed Natasha
  2906 | D:3      | Found a hide-covered altar of Uskayaw.
  2906 | D:3      | Noticed a hand axe
  2908 | D:3      | Noticed a hand axe
  2996 | D:3      | Reached XP level 6. HP: 48/48 MP: 6/6
  3077 | D:3      | Killed vishdafish's ghost
  3360 | D:3      | Found a runed door.
  3455 | D:3      | Found an ancient bone altar of Kikubaaqudgha.
  3589 | D:3      | Noticed Crazy Yiuf
  3594 | D:3      | Killed Crazy Yiuf
  3654 | D:4      | Found a basalt altar of Yredelemnul.
  3677 | D:4      | Noticed Ijyb
  3687 | D:3      | Gained mutation: You sometimes gain a little power by taking damage. [demonic ancestry]
  3687 | D:3      | Reached XP level 7. HP: 32/53 MP: 7/7
  3807 | D:4      | Quit the game

Vault maps used:
D:1:      dpeg_arrival_stonehenge_8_columns, minmay_tall_x
D:2:      nicolae_overflow_hidden_temple, minitemple, first_ration,
          roderic_lattice_a, uniq_terence
D:3:      dancing_weapons_uskayaw, marbit_many_paths, uniq_natasha,
          uniq_crazy_yiuf_cottage
D:4:      minmay_temple_entry_crystal_x, serial_shops, nicolae_shop_statue_plus,
          cheibrodos_sewer_entry_drain, yredelemnul_altar_generic, uniq_pikel,
          uniq_ijyb

Skill      XL: |  1  2  3  4  5  6 |
---------------+-------------------+-----
Shields        | 3 4 |  4.1
Long Blades    | 2 3 4 |  4.3
Armour         | 3 4 |  4.4
Dodging        | 1 |  1.3
Fighting       | |  3.8
Stealth        | |  0.6

Action                   |  1- 3 |  4- 6 |  7- 9 || total
-------------------------+-------+-------+-------++-------
Melee: Long sword        |   106 |   117 |       ||   223
       Kick              |    17 |    41 |       ||    58
Throw: Throwing net      |       |     1 |       ||     1
  Use: Potion            |     2 |     1 |       ||     3
       Scroll            |       |     8 |       ||     8
 Stab: Held in net/web   |       |     1 |       ||     1
  Eat: Chunk             |       |     3 |       ||     3
       Ration            |       |     2 |       ||     2
Armor: Scale mail        |    66 |    35 |       ||   101
Dodge: Dodged            |    32 |    28 |     2 ||    62
Block: Shield            |    75 |    46 |       ||   121
       Rpst.: Long sword |    11 |     8 |       ||    19

Table legend:
 A = Spawn XP
 B = Non-spawn XP
 C = Spawn XP percentage of total XP
 D = Spawn monster count
 E = Non-spawn monster count
 F = Spawn count percentage of total count
 G = Total turns spent on level
                    A         B        C        D         E        F      G
               +---------+---------+-------+---------+---------+-------+---------
         Total |       0 |     794 |   0.0 |       0 |      71 |   0.0 |  3807
               +---------+---------+-------+---------+---------+-------+---------
           D:1 |       0 |      34 |   0.0 |       0 |      22 |   0.0 |   858
           D:2 |       0 |     160 |   0.0 |       0 |      25 |   0.0 |  1668
           D:3 |       0 |     600 |   0.0 |       0 |      24 |   0.0 |  1271
               +---------+---------+-------+---------+---------+-------+---------
